 Dungeon Crawl Stone Soup version 0.25.0-11-g1f837a76a1 (webtiles) character file.

Game seed: 17797902396704318712

70620 protoss039 the Eclecticist (level 14, -5/68 HPs)
             Began as a Deep Elf Earth Elementalist on June 26, 2020.
             Was a High Priest of Vehumet.
             Slain by an eight-headed hydra (13 damage)
             ... on level 6 of the Lair of Beasts on June 27, 2020.
             The game lasted 01:48:36 (26197 turns).

protoss039 the Eclecticist (DEEE)                  Turns: 26197, Time: 01:48:36

Health: -5/68      AC: 10    Str:  5    XL:     14   Next: 94%
Magic:  1/49       EV: 13    Int: 30    God:    Vehumet [*****.]
Gold:   1826       SH:  0    Dex: 18    Spells: 28/54 levels left

rFire    . . .     SeeInvis .   P - +5 spear (venom)
rCold    + . .     Gourm    .   (no shield)
rNeg     . . .     Faith    .   g - +1 robe {rC+}
rPois    .         Spirit   .   (no helmet)
rElec    .         Reflect  .   R - +2 cloak {MR+}
rCorr    .         Harm     .   T - +0 pair of gloves {Dex+3}
MR       +++..                  M - +2 pair of boots of the Ecumenical Temple {Int+4}
Stlth    ++........             q - amulet of regeneration
HPRegen  0.61/turn              o - ring of magical power
MPRegen  0.31/turn              s - ring of protection from magic

@: about to teleport
A: no striking features
a: Renounce Religion


You were on level 6 of the Lair of Beasts.
You worshipped Vehumet.
Vehumet was extremely pleased with you.
You were not hungry.

You visited 3 branches of the dungeon, and saw 22 of its levels.
You also visited: Sewer.

You collected 1826 gold pieces.

Inventory:

Hand Weapons
 G - a +1 scimitar of flaming
 P - a +5 spear of venom (weapon)
Missiles
 b - 409 stones (quivered)
Armour
 g - a +1 robe of cold resistance (worn)
 m - the +4 chain mail "Weeqar" {rCorr}
   (You found it on level 15 of the Dungeon)

   It provides partial protection from all sources of acid and corrosion.
 I - a +2 robe of positive energy
 M - the +2 pair of boots of the Ecumenical Temple (worn) {Int+4}
   (You found it on level 3 of the Lair of Beasts)

   It affects your intelligence (+4).
 R - a +2 cloak of magic resistance (worn)
 T - a +0 pair of gloves of dexterity (worn)
Jewellery
 c - an uncursed ring of protection from cold {unknown}
 h - an uncursed amulet of magic regeneration {unknown}
 k - a cursed amulet of inaccuracy {unknown}
 o - a ring of magical power (left hand)
 q - an amulet of regeneration (around neck)
 s - a ring of protection from magic (right hand)
 u - an uncursed ring of stealth {unknown}
 F - an uncursed amulet of the acrobat {unknown}
 N - an uncursed ring of protection from cold {unknown}
 Q - a cursed -4 ring of slaying {unknown}
Wands
 n - a wand of paralysis (4)
 w - a wand of acid (21)
 y - a wand of disintegration (15)
 C - a wand of flame (28)
 E - a wand of digging (8)
 H - a wand of iceblast (20)
 L - a wand of polymorph (30)
Scrolls
 x - 3 scrolls of blinking
 z - 4 scrolls of teleportation
 A - 5 scrolls of fear
 D - 6 scrolls of remove curse
 J - 5 scrolls of magic mapping
 O - a scroll of summoning
 S - 3 scrolls of enchant weapon
 U - 2 scrolls of brand weapon
 V - a scroll of enchant armour
 X - a scroll of amnesia
 Z - 2 scrolls of identify
Potions
 a - a potion of magic
 e - 9 potions of curing
 f - 5 potions of ambrosia
 i - 4 potions of heal wounds
 j - a potion of brilliance
 l - 4 potions of might
 r - 2 potions of berserk rage
 t - 2 potions of flight
 B - 7 potions of stabbing
 K - 2 potions of haste
Comestibles
 d - 36 rations
 p - 12 chunks of flesh


   Skills:
 - Level 2.4 Dodging
 - Level 2.4 Stealth
 + Level 20.6 Spellcasting
 + Level 11.2 Conjurations
   Level 1.1 Hexes
 + Level 1.7 Transmutations
 + Level 1.8 Air Magic
 * Level 18.1 Earth Magic
 + Level 1.1 Evocations


You had 28 spell levels left.
You knew the following spells:

 Your Spells              Type           Power        Failure   Level  Hunger
a - Sandblast             Erth           ######       0%          1    None
b - Passwall              Tmut/Erth      ######..     1%          2    None
c - Stone Arrow           Conj/Erth      ######       0%          3    None
d - Petrify               Tmut/Erth      ######..     1%          4    None
e - Lee's Rapid Deconstr  Erth           #######...   0%          5    None
g - Lightning Bolt        Conj/Air       ######....   1%          5    None
h - Iron Shot             Conj/Erth      #######...   1%          6    None

Your spell library contained the following spells:

 Spells                   Type           Power        Failure   Level  Hunger
 Animate Skeleton         Necr           N/A          1%          1    None
 Beastly Appendage        Tmut           #####.       1%          1    None
 Pain                     Necr           ####         1%          1    None
 Shock                    Conj/Air       ####         1%          1    None
 Sticks to Snakes         Tmut           #####...     1%          2    None
 Swiftness                Chrm/Air       #####...     1%          2    None
 Static Discharge         Conj/Air       ######..     1%          3    None
 Airstrike                Air            #####.....   1%          4    None
 Confusing Touch          Hex            #####...     2%          3    None
 Spider Form              Tmut/Pois      #####.....   2%          3    None
 Gell's Gravitas          Tloc           ####......   3%          3    None
 Vampiric Draining        Necr           ####......   3%          3    None
 Yara's Violent Unravell  Hex/Tmut       #####.....   5%          5    None
 Ice Form                 Ice/Tmut       #####...     9%          4    None
 Animate Dead             Necr           N/A          12%         4    None
 Blade Hands              Tmut           #####.....   16%         5    None
 Metabolic Englaciation   Hex/Ice        ####......   26%         5    None
 Agony                    Necr           ####....     32%         5    None


Dungeon Overview and Level Annotations

Branches:
Dungeon (15/15)            Temple (1/1) D:5            Lair (6/6) D:10
  Swamp (0/4) Lair:3        Snake (0/4) Lair:2        Slime (0/5) Lair:5
    Orc (0/2) D:11         Vaults (0/5) D:13         Depths (0/5) D:15
  Sewer (visited)

Altars:
Ashenzari
Cheibriados
Dithmenos
Elyvilon
Fedhas
Gozag
Hepliaklqana
Kikubaaqudgha
Makhleb
Nemelex Xobeh
Okawaru
Qazlal
Ru
Sif Muna
Trog
Vehumet
Wu Jian
Xom
Yredelemnul
Zin
The Shining One
Beogh

Portals:
Trove: D:11 (give 6 scrolls of fog)

Annotations:
D:8 1 runed translucent door
D:12 Fannar
D:14 Azrael
Lair:1 IHuginn's ghost, journeyman DsGl
Lair:5 3 runed translucent doors, Qoypruj's ghost, journeyman MiGl; Zimaveycw's ghost, journeyman OpFi


Message History

The eight-headed hydra misses you. The eight-headed hydra bites you.
The eight-headed hydra bites you but does no damage.
The eight-headed hydra bites you.
Casting: Iron Shot (dangerous; 1% risk of failure)
Confirm with . or Enter, or press ? or * to list all spells.
Aiming: Stone Arrow (safe; 0% risk of failure)
Press: ? - help, Shift-Dir - straight line, f/p - eight-headed hydra
Aim: an eight-headed hydra (heavily wounded)
The stone arrow hits the eight-headed hydra!!
The eight-headed hydra is almost dead.
You carefully extract the barbed spikes from your body.
The eight-headed hydra bites you. The eight-headed hydra bites you!
The eight-headed hydra barely misses you.
The eight-headed hydra bites you!
* * * LOW HITPOINT WARNING * * *
The eight-headed hydra misses you.
The eight-headed hydra barely misses you.
The eight-headed hydra closely misses you.
The eight-headed hydra bites you!
You die...

..8..................P.
...................÷....
..8.....................
.....................##P.
......8.......÷........##.
........................###
............÷÷.........###
.............÷.............
...........@................
..........D................
...........................
.......†...P...............
##.....P...P.#P..#......#. #
#..##......###...###....
#.###.#÷##...#.##..## ....
.##.....†##P...####+## ..
.(.P...<.##....#


You could see an eight-headed hydra.

Vanquished Creatures
  Louise (D:14)
  A dire elephant (Lair:3)
  A vault guard (D:13)
  11 hydras
  A catoblepas (D:13)
  A centaur warrior (D:14)
  6 two-headed ogres
  Erica (D:8)
  7 death yaks
  A death knight (D:15)
  Nergalle (Lair:3)
  Sonja (D:12)
  A death drake (shapeshifter) (D:15)
  5 skeletal warriors (D:15)
  An unseen horror (D:12)
  A lindwurm (Lair:3)
  A flayed ghost (D:15)
  A sphinx zombie (D:15)
  A deep elf mage (D:11)
  A necromancer (D:15)
  An ugly thing (D:11)
  2 oklob plants
  A cyclops (D:13)
  7 elephants
  4 manticores
  Maurice (D:12)
  A black mamba (Lair:6)
  A torpor snail (Lair:4)
  10 spiny frogs
  9 komodo dragons
  5 rime drakes
  An efreet (D:13)
  A redback zombie (D:15)
  A guardian mummy (D:15)
  A freezing wraith (D:14)
  4 trolls
  2 hornets
  A fire dragon zombie (D:15)
  6 dream sheep (Lair:4)
  14 blink frogs
  8 hippogriffs
  5 slime creatures
  A spriggan zombie (D:15)
  A spriggan skeleton (D:15)
  2 shadows (D:14)
  A human (D:7)
  23 yaks
  Grum (D:9)
  2 wyverns
  3 fire elementals (D:14)
  4 vampire mosquitoes (D:10)
  5 basilisks
  2 hogs (D:7)
  A hungry ghost (D:15)
  3 swamp worms
  A soldier ant (D:11)
  An acid dragon (D:13)
  4 hell hounds (D:14)
  12 water moccasins
  4 porcupines
  8 ice beasts
  9 orc warriors
  2 sky beasts
  4 ogres
  A black bear (Lair:3)
  4 phantoms
  17 centaurs
  6 wolves
  12 crocodiles
  7 big kobolds
  16 bullfrogs
  2 gnoll sergeants
  3 wyvern skeletons
  5 scorpions
  2 water moccasin skeletons
  14 killer bees
  4 electric eels
  A howler monkey (D:4)
  7 crimson imps
  A bullfrog zombie (D:13)
  A quasit (D:6)
  3 centaur zombies
  9 hounds
  A jelly (D:13)
  2 bullfrog skeletons
  17 orc priests
  7 iguanas
  16 orc wizards
  4 centaur skeletons
  2 hell rats (Lair:3)
  12 worker ants
  4 hound skeletons
  2 howler monkey zombies
  A worker ant zombie (D:6)
  7 gnolls
  18 adders
  11 river rats
  8 shadow imps
  4 oozes
  2 adder skeletons (D:9)
  An adder zombie (D:5)
  8 worms
  A dart slug (D:2)
  5 leopard geckos
  73 orcs
  8 giant cockroaches
  6 goblins
  4 hobgoblins
  5 jackals
  4 quokkas
  6 ball pythons
  6 bats
  7 frilled lizards
  30 kobolds
  A quokka skeleton (D:5)
  12 rats
  A fungus (Lair:3)
  4 plants
  2 withered plants (D:15)
642 creatures vanquished.

Vanquished Creatures (collateral kills)
  An orc wizard (D:10)
1 creature vanquished.

Vanquished Creatures (others)
  A quokka (D:4)
  A fulminant prism (D:14)
  4 fungi
  17 plants
  11 toadstools (Lair:3)
  2 withered plants (D:15)
36 creatures vanquished.

Grand Total: 679 creatures vanquished

Notes
Turn   | Place    | Note
-------+----------+-------------------------------------------
     0 | D:1      | protoss039 the Deep Elf Earth Elementalist began the quest
                  | for the Orb.
     0 | D:1      | Reached XP level 1. HP: 10/10 MP: 6/6
   227 | D:1      | Reached XP level 2. HP: 15/15 MP: 8/8
   546 | D:1      | Reached XP level 3. HP: 19/19 MP: 7/10
  1383 | D:2      | Reached skill level 4 in Spellcasting
  1393 | D:2      | Learned a level 2 spell: Passwall
  1398 | D:2      | Learned a level 3 spell: Stone Arrow
  1825 | D:2      | Reached XP level 4. HP: 11/24 MP: 10/12
  2203 | D:3      | Reached skill level 5 in Earth Magic
  2400 | D:3      | Reached skill level 5 in Spellcasting
  2402 | D:3      | Reached XP level 5. HP: 28/28 MP: 7/14
  3193 | D:3      | Noticed a moth of wrath
  3196 | D:3      | Found a bloodstained altar of Trog.
  3420 | D:4      | Noticed an ogre
  3424 | D:4      | Killed an ogre
  3424 | D:4      | Reached skill level 6 in Spellcasting
  3424 | D:4      | Reached skill level 1 in Conjurations
  3424 | D:4      | Reached XP level 6. HP: 32/32 MP: 9/17
  3942 | D:4      | Found a shimmering altar of Xom.
  4093 | D:4      | Reached skill level 7 in Spellcasting
  4177 | D:4      | Found a burning altar of Makhleb.
  4238 | D:4      | Reached XP level 7. HP: 31/36 MP: 7/19
  4420 | D:4      | Found a white marble altar of Elyvilon.
  4567 | D:4      | Learned a level 4 spell: Petrify
  4573 | D:4      | Learned a level 5 spell: Lee's Rapid Deconstruction
  4576 | D:5      | Entered Level 5 of the Dungeon
  4632 | D:5      | Found a shattered altar of Ashenzari.
  4843 | D:5      | Found a staircase to the Ecumenical Temple.
  4956 | D:5      | Reached skill level 8 in Spellcasting
  5552 | D:5      | Reached XP level 8. HP: 41/41 MP: 22/22
  5830 | Temple   | Entered the Ecumenical Temple
  6056 | D:6      | Reached skill level 9 in Spellcasting
  6110 | D:6      | Found a glowing drain.
  6114 | Sewer    | Entered a sewer
  6959 | D:6      | Reached skill level 10 in Spellcasting
  6967 | D:6      | Reached skill level 5 in Conjurations
  7429 | D:7      | Reached XP level 9. HP: 45/45 MP: 25/25
  7619 | D:7      | Found a sacrificial altar of Ru.
  7811 | D:7      | Found a stormy altar of Qazlal.
  7932 | D:7      | Found a radiant altar of Vehumet.
  7948 | D:7      | Became a worshipper of Vehumet
  7953 | D:7      | Reached skill level 11 in Spellcasting
  8057 | D:7      | Reached skill level 1 in Evocations
  8264 | D:7      | Reached skill level 12 in Spellcasting
  8717 | D:8      | Reached skill level 10 in Earth Magic
  9002 | D:8      | Noticed a two-headed ogre
  9006 | D:8      | Killed a two-headed ogre
  9006 | D:8      | Reached XP level 10. HP: 50/50 MP: 20/28
  9128 | D:8      | Found a shimmering altar of Xom.
  9153 | D:8      | Noticed Erica
  9156 | D:8      | Killed Erica
  9241 | D:8      | Reached * piety under Vehumet
  9241 | D:8      | Offered knowledge of Shock by Vehumet.
  9348 | D:8      | Reached skill level 13 in Spellcasting
  9661 | D:8      | Found a runed translucent door.
  9661 | D:8      | Noticed a sixfirhy
  9742 | D:8      | Found a blossoming altar of Fedhas.
 10072 | D:9      | Noticed a two-headed ogre
 10076 | D:9      | Killed a two-headed ogre
 10144 | D:9      | Noticed Grum
 10155 | D:9      | Reached ** piety under Vehumet
 10159 | D:9      | Killed Grum
 10159 | D:9      | Reached skill level 14 in Spellcasting
 10357 | D:9      | Offered knowledge of Searing Ray by Vehumet.
 10554 | D:9      | Reached XP level 11. HP: 54/54 MP: 12/31
 10943 | D:9      | Found a snail-covered altar of Cheibriados.
 11348 | D:10     | Entered Level 10 of the Dungeon
 11416 | D:10     | Offered knowledge of Dazzling Flash by Vehumet.
 11812 | D:10     | Noticed an oklob plant
 11818 | D:10     | Found a staircase to the Lair.
 11897 | D:10     | Killed an oklob plant
 11974 | D:10     | Noticed a two-headed ogre
 11979 | D:10     | Killed a two-headed ogre
 11979 | D:10     | Reached *** piety under Vehumet
 11979 | D:10     | Reached skill level 15 in Spellcasting
 12430 | D:11     | Found a staircase to the Orcish Mines.
 12430 | D:11     | Found a portal to a secret trove of treasure.
 12468 | D:11     | Offered knowledge of Frozen Ramparts by Vehumet.
 12507 | D:11     | Noticed a purple ugly thing
 12519 | D:11     | Killed a purple ugly thing
 13060 | D:11     | Found a roughly hewn altar of Beogh.
 13077 | D:11     | Reached **** piety under Vehumet
 13081 | D:11     | Noticed a deep elf mage
 13085 | D:11     | Killed a deep elf mage
 13247 | D:11     | Noticed a two-headed ogre
 13253 | D:11     | Killed a two-headed ogre
 13430 | D:11     | Offered knowledge of Fulminant Prism by Vehumet.
 13830 | D:11     | Learned a level 4 spell: Fulminant Prism
 13831 | D:12     | Noticed Sonja
 13831 | D:12     | Noticed a two-headed ogre
 13905 | D:12     | Killed an unseen horror
 13905 | D:12     | Reached skill level 16 in Spellcasting
 13987 | D:12     | Reached XP level 12. HP: 59/59 MP: 34/34
 13992 | D:12     | Noticed Maurice
 13996 | D:12     | Killed Maurice
 14160 | D:12     | Noticed Fannar
 14174 | D:12     | Killed Sonja
 14292 | D:12     | Killed a two-headed ogre
 14614 | D:12     | Reached ***** piety under Vehumet
 14616 | D:12     | Offered knowledge of Iskenderun's Battlesphere by Vehumet.
 14742 | D:13     | Noticed a catoblepas
 15063 | D:13     | Reached skill level 17 in Spellcasting
 15099 | D:13     | Killed a catoblepas
 16030 | D:13     | Found a gate to the Vaults.
 16030 | D:13     | Noticed a vault guard
 16033 | D:13     | Killed a vault guard
 16145 | D:14     | Learned a level 5 spell: Lightning Bolt
 16153 | D:14     | Noticed a seven-headed hydra
 16160 | D:14     | Killed a seven-headed hydra
 16453 | D:14     | Noticed a four-headed hydra
 16457 | D:14     | Killed a four-headed hydra
 16459 | D:14     | Reached skill level 15 in Earth Magic
 16597 | D:14     | Noticed a centaur warrior
 16604 | D:14     | Killed a centaur warrior
 16618 | D:14     | Reached XP level 13. HP: 33/63 MP: 19/36
 16795 | D:14     | Noticed Azrael
 16843 | D:14     | Reached skill level 18 in Spellcasting
 17063 | D:14     | Reached skill level 1 in Hexes
 17273 | D:14     | Noticed Louise
 17287 | D:14     | Killed Louise
 17562 | D:15     | Entered Level 15 of the Dungeon
 18144 | D:15     | Found a staircase to the Depths.
 18174 | D:15     | Offered knowledge of Iron Shot by Vehumet.
 18182 | D:15     | Learned a level 6 spell: Iron Shot
 18351 | D:15     | Found a shimmering altar of Xom.
 18369 | D:15     | Reached skill level 19 in Spellcasting
 18809 | D:15     | Got a spiked chain mail
 18820 | D:15     | Identified the +4 chain mail "Weeqar" {rCorr} (You found it
                  | on level 15 of the Dungeon)
 19004 | Lair:1   | Entered Level 1 of the Lair of Beasts
 19171 | Lair:1   | Reached skill level 1 in Air Magic
 19479 | Lair:1   | Reached skill level 10 in Conjurations
 19637 | Lair:1   | Found a runed translucent door.
 19637 | Lair:1   | Noticed IHuginn's ghost (journeyman DsGl)
 20310 | Lair:2   | Found a staircase to the Snake Pit.
 21462 | Lair:3   | Reached XP level 14. HP: 68/68 MP: 30/39
 21699 | Lair:3   | You fall into a shaft and drop 2 floors!
 21699 | Lair:5   | Found a staircase to the Slime Pits.
 22409 | Lair:5   | Reached skill level 20 in Spellcasting
 22517 | Lair:5   | Found a runed translucent gate.
 22517 | Lair:5   | Found a runed translucent gate.
 22517 | Lair:5   | Found a runed translucent gate.
 22517 | Lair:5   | Noticed Zimaveycw's ghost (journeyman OpFi)
 22644 | Lair:5   | Noticed Qoypruj's ghost (journeyman MiGl)
 24437 | Lair:3   | Noticed Nergalle
 24690 | Lair:3   | Killed Nergalle
 24842 | Lair:3   | Found a runed translucent door.
 25165 | Lair:3   | Found a staircase to the Swamp.
 25294 | Lair:3   | Got a pair of faintly glowing boots
 25305 | Lair:3   | Identified the +2 pair of boots of the Ecumenical Temple
                  | {Int+4} (You found it on level 3 of the Lair of Beasts)
 25733 | Lair:5   | Identified a scroll of acquirement
 25742 | Lair:6   | Entered Level 6 of the Lair of Beasts
 26197 | Lair:6   | Slain by an eight-headed hydra

Illustrated notes

Levels and vault maps discovered:
D:1:      lightli_arrival_chessboard, layout_rooms
D:2:      layout_rooms, minmay_misc_feat_diagonals
D:3:      layout_loops_ring, tgw_trog
D:4:      layout_basic, makhleb_blood_cavern_becter,
          nicolae_overflow_crystal_walls, first_ration, amethyst_killhole,
          eino_tiny_chamber, elyvilon_altar_4
D:5:      layout_loops_ring, nicolae_ashenzari_panopticon,
          nicolae_overflow_hidden_temple, temple_doors_e
D:6:      layout_basic, gup_sewer_entry_bowl, due_unseen_surprise
D:7:      layout_basic, nicolae_qazlal_eye_of_the_storm, kennysheep_mini,
          grunt_livestock, hangedman_ru_absence
D:8:      cheibrodos_shockbox, layout_loops_ring, fedhas_altar_decomposition,
          basic_altar, skrybe_limestone_x, st_stairs_7, uniq_erica
D:9:      layout_small_grid, slow_altar_2, uniq_grum
D:10:     layout_basic, dpeg_oklobed_lair
D:11:     layout_gridville, minmay_orc_entry_temple_small, enter_trove_0,
          kennysheep_flooded_box, worms_lemuel
D:12:     layout_cross, uniq_sonja, uniq_maurice, uniq_fannar
D:13:     layout_long_grid, david_vaults_5
D:14:     layout_long_grid, serial_bayou_pond_b, uniq_louise, uniq_azrael
D:15:     gammafunk_depths_entry_grave, layout_loops_ring,
          minmay_tree_intersection, basic_altar
Temple:   cyrus_circular_temple
Lair:1:   layout_chaotic_city, hellmonk_ghost_happy_afterlife,
          grunt_megastairs_2
Lair:2:   layout_hall_layers, dummy_snake_entry, nicolae_quartered_pool_super
Lair:3:   gammafunk_lair_enchanted_lake, layout_chaotic_city,
          palyth_hydra_swamp_entry, minmay_lair_oklob_items, minivault_24,
          kennysheep_rathole, uniq_nergalle
Lair:4:   layout_gridlike
Lair:5:   layout_regular_city, slime_dummy, gammafunk_ghost_cemetery,
          chequers_serial_rivers_small_b, grunt_megastairs_5
Lair:6:   evilmike_catoblepas_cave, layout_regular_city,
          minmay_shattered_shrine, serial_bayou_shore_b

Skill      XL: |  1  2  3  4  5  6  7  8  9 10 11 12 13 14 |
---------------+-------------------------------------------+-----
Earth Magic    | 4 5 6 7 8 10 11 13 15 16 18 | 18.1
Spellcasting   | 4 5 6 7 8 10 12 14 16 17 19 20 | 20.6
Conjurations   | 1 2 3 5 6 7 8 9 10 11 | 11.2
Evocations     | 1 |  1.1
Hexes          | 1 |  1.1
Air Magic      | 1 |  1.8
Dodging        | |  2.4
Stealth        | |  2.4
Transmutations | |  1.7

Action                   |  1- 3 |  4- 6 |  7- 9 | 10-12 | 13-15 || total
-------------------------+-------+-------+-------+-------+-------++-------
Melee: Short sword       |    68 |    14 |       |       |       ||    82
       Dagger            |       |       |     1 |     1 |       ||     2
       Spear             |       |       |       |     6 |    92 ||    98
 Cast: Sandblast         |    40 |    41 |    33 |    69 |    43 ||   226
       Stone Arrow       |     1 |    34 |   150 |   245 |    51 ||   481
       Passwall          |       |     1 |       |     1 |       ||     2
       Lee's Rapid Decon |       |       |     7 |    95 |    92 ||   194
       Petrify           |       |       |       |     7 |     4 ||    11
       Lightning Bolt    |       |       |       |     3 |    24 ||    27
       Iron Shot         |       |       |       |       |   158 ||   158
       Fulminant Prism   |       |       |       |       |     1 ||     1
Evoke: Wand              |       |       |     3 |       |     1 ||     4
  Use: Scroll            |       |     9 |     8 |     9 |    15 ||    41
       Potion            |       |       |       |     7 |     5 ||    12
 Stab: Sleeping          |     3 |     2 |       |       |       ||     5
  Eat: Chunk             |     3 |     8 |    15 |    21 |    32 ||    79
       Ration            |       |       |       |     1 |     1 ||     2
Armor: Robe              |    32 |     9 |    11 |    38 |    44 ||   134
       Skin              |       |       |       |     7 |       ||     7
Dodge: Dodged            |    75 |    15 |    26 |    95 |   131 ||   342
